Map: Acid Plant LE

Players

Wardi

  • Race: Terran Terran
  • Spawn Location: 5:00

Semper - Winner!

  • Race: Terran Terran
  • Spawn Location: 11:00

Event: WCS Austin 2018

VOD

Have the link to the VOD?

Description

Time

  • Played on: June 1, 2018, 1:31 p.m.
  • Length: 5:33

All games in this series

Show
View Real Time Build Order
Export as new Build Order

Wardi Terran 

Build Orders: Cyclone Opening 

Get SALT Encoding   

  12  0:01  SCV  
  13  0:13  SCV  
  14  0:17  Supply Depot  
  14  0:25  SCV  
  14  0:28  Refinery  
  15  0:39  SCV  
  16  0:45  Barracks  
  16  0:51  SCV  
  16  0:56  Refinery  
  17  1:03  SCV  
  18  1:15  SCV  
  19  1:32  Orbital Command, Reaper  
  20  1:40  Factory  
  20  1:56  Supply Depot  
  20  1:57  SCV  
  21  2:05  Reaper  
  22  2:10  SCV  
  23  2:22  SCV  
  24  2:23  Cyclone  
  27  2:35  Supply Depot, SCV  
  28  2:37  Barracks Reactor  
  28  2:47  SCV  
  29  2:56  Cyclone  
  30  3:18  Command Center, SCV  
  31  3:33  Barracks Tech Lab  
  31  3:34  SCV  
  31  3:36  Cyclone x2  
  38  3:45  Supply Depot  
  38  3:49  SCV  
  39  4:07  Barracks, Marine  
  39  4:08  SCV  
  39  4:09  Barracks  
  41  4:16  Cyclone  
  44  4:23  Cyclone  
  47  4:34  Orbital Command  
  45  4:39  SCV  
  44  4:51  SCV  
  45  4:53  Engineering Bay  
  43  5:03  SCV x2  
  45  5:15  SCV  
  45  5:16  Factory Reactor  
  45  5:17  SCV  
Show
View Real Time Build Order
Export as new Build Order

Semper Terran - Winner!

Build Orders: 1/1/1, Cyclone Opening 

Get SALT Encoding   

  12  0:00  SCV  
  13  0:13  SCV  
  14  0:18  Supply Depot  
  14  0:25  SCV  
  14  0:28  Refinery  
  15  0:39  SCV  
  16  0:45  Barracks  
  16  0:51  SCV  
  16  0:56  Refinery  
  17  1:03  SCV  
  18  1:15  SCV  
  19  1:32  Orbital Command  
  19  1:33  Reaper  
  19  1:36  Factory  
  20  1:49  Supply Depot  
  20  1:57  SCV  
  21  2:05  Reaper  
  22  2:10  SCV  
  23  2:20  Hellion  
  23  2:21  Starport  
  23  2:22  SCV  
  26  2:28  Supply Depot  
  26  2:34  SCV  
  27  2:38  Barracks Tech Lab  
  27  2:41  Cyclone  
  30  2:47  SCV  
  31  2:59  SCV  
  32  3:13  Banshee, Cloaking Field, SCV  
  32  3:18  Supply Depot  
  36  3:26  SCV  
  36  3:34  Command Center  
  36  3:43  Cyclone  
  36  3:45  SCV  
  40  3:48  Barracks Reactor  
  40  3:56  Supply Depot  
  40  4:01  Banshee  
  42  4:09  SCV  
  43  4:17  Factory Tech Lab  
  43  4:21  SCV  
  44  4:24  Marine x2  
  46  4:36  Siege Tank  
  47  4:40  SCV  
  48  4:47  Orbital Command  
  48  4:48  Banshee  
  51  4:53  Marine x2, SCV  
  54  5:05  SCV  
  55  5:10  Marine  
  55  5:11  Marine  
  55  5:13  Supply Depot  
  60  5:14  SCV  
  60  5:17  SCV  
Tags
 
Add a new tag
Caveats
  • Supply blocks, unpowered buildings, or Contaminate may cause inaccurate times.
  • Supply counts are checked every 10 seconds.